 Dungeon Sprint DCSS version 0.28.0-53-g5a82cb258f (webtiles) character file.

Game seed: 12585936050097352731

119 Zeld the Magician (level 4, -3/24 HPs)
             Began as a Deep Elf Conjurer on June 6, 2022.
             Was a Believer of Sif Muna.
             Slain by a scorpion (8 damage)
             ... in the Dungeon (Sprint VII: "The Pits").
             The game lasted 00:01:01 (548 turns).

Zeld the Magician (Deep Elf Conjurer)                Turns: 548, Time: 00:01:01

Health: -3/24      AC:  2    Str:  4    XL:     4   Next: 73%
Magic:  8/15       EV: 12    Int: 25    God:    Sif Muna [**....]
Gold:   0          SH:  0    Dex: 13    Spells: 7/18 levels left

rFire   . . .      SeeInvis .   a - +2 quarterstaff
rCold   . . .      Faith    .   (shield currently unavailable)
rNeg    . . .      Spirit   .   h - +0 robe
rPois   .          Reflect  .   (no helmet)
rElec   .          Harm     .   (no cloak)
rCorr   .          Rampage  .   (no gloves)
Will    .....      NoTele   +   (no boots)
Stlth   ++........              (no amulet)
HPRegen 0.08/turn               (no ring)
MPRegen 0.14/turn               (no ring)

@: lethally poisoned (-3 -> -10)
A: no striking features
a: Renounce Religion, Channel Magic


You were in the Dungeon.
You worshipped Sif Muna.
Sif Muna was pleased with you.
You visited 1 branch

Inventory:

Hand Weapons
 a - a +2 quarterstaff (weapon)
Armour
 h - a +0 robe (worn)
Scrolls
 g - a scroll of blinking
 j - 5 scrolls of amnesia
 k - a scroll of summoning
Potions
 b - a potion of curing
 c - a potion of heal wounds
 d - a potion of haste
 e - 4 potions of magic
 f - 3 potions of berserk rage
 i - 2 potions of invisibility


   Skills:
 + Level 2.5 Dodging
 - Level 2.4 Stealth
 + Level 7.5 Spellcasting
 + Level 7.1 Conjurations
 - Level 2.0 Hexes
 - Level 2.0 Translocations
 * Level 5.4 Invocations


You had 7 spell levels left.
You knew the following spells:

 Your Spells              Type           Power      Damage    Failure   Level
a - Magic Dart            Conj           100%       1d8       1%          1
b - Searing Ray           Conj           90%        2d7       1%          2
c - Fulminant Prism       Conj/Hex       16%        3d11      10%         4
d - Iskenderun's Mystic   Conj/Tloc      32%        2d8       10%         4

Your spell library contained the following spells:

 Spells                   Type           Power      Damage    Failure   Level
 Dazzling Flash           Conj/Hex       64%        N/A       3%          3


Dungeon Overview and Level Annotations

Branches:
Dungeon (1/1)

Altars:
Ashenzari
Cheibriados
Dithmenos
Elyvilon
Fedhas
Gozag
Hepliaklqana
Kikubaaqudgha
Makhleb
Nemelex Xobeh
Okawaru
Qazlal
Ru
Sif Muna
Trog
Uskayaw
Vehumet
Wu Jian
Xom
Yredelemnul
Zin
The Shining One
Beogh
Jiyva
Lugonu


Message History

Confirm with . or Enter, or press ? or * to list all spells.
Aiming: Searing Ray (safe; 1% risk of failure)
Press: ? - help, Shift-Dir - straight line, f - scorpion
Aim: a scorpion (82% to hit)
The searing ray hits the scorpion.
The scorpion is moderately wounded. (Press . to maintain the ray.)
The scorpion misses you.
The searing ray hits the scorpion.
The scorpion is moderately wounded.
The searing ray hits the adder zombie!
The adder zombie is heavily damaged.
The scorpion stings you.
You are poisoned.
The scorpion poisons you!
The searing ray hits the scorpion!
The scorpion is severely wounded.
The searing ray hits the adder zombie!
You destroy the adder zombie!
Sif Muna accepts your kill.
You feel very sick. The scorpion barely misses you.
The searing ray hits the scorpion but does no damage.
The scorpion is severely wounded.
You finish channelling your searing ray.
You feel very sick. The scorpion stings you.
* * * LOW HITPOINT WARNING * * *
Unknown command.
Casting: Searing Ray (safe; 1% risk of failure)
Confirm with . or Enter, or press ? or * to list all spells.
Aiming: Searing Ray (safe; 1% risk of failure)
Press: ? - help, Shift-Dir - straight line, f/p - scorpion
Aim: a scorpion (severely wounded, 82% to hit)
The searing ray hits the scorpion.
The scorpion is almost dead. (Press . to maintain the ray.)
* * * LOW HITPOINT WARNING * * *
You feel sick. The scorpion stings you!
You die...

#_________.#
#_______...###########++
##########'##...........
#.?(.')))'.##......#..#
##########.##..........
#...........'...........
#+#####'#####......#..#.
#..#..#÷.##...........
#.†'..)@.#####'#####+
##+####s###.......# ...
#.......# ....##.......#
#+#####...<...#
#.......# #.......#
#.......# #########


You could see a scorpion.

Vanquished Creatures
  A floating eye (D)
  A gnoll (D)
  An adder zombie (D)
  A giant cockroach (D)
  A hobgoblin (D)
  A ball python skeleton (D)
  A frilled lizard (D)
7 creatures vanquished.

Notes
Turn   | Place    | Note
-------+----------+-------------------------------------------
     0 | D        | Zeld the Deep Elf Conjurer began the quest for the Orb.
     0 | D        | Reached XP level 1. HP: 10/10 MP: 6/6
    17 | D        | Found a bloodstained altar of Trog.
    17 | D        | Found a shimmering blue altar of Sif Muna.
    17 | D        | Found a viscous altar of Jiyva.
    17 | D        | Found a hazy altar of Hepliaklqana.
    17 | D        | Found an opulent altar of Gozag.
    18 | D        | Found a glowing golden altar of the Shining One.
    18 | D        | Found a glowing silver altar of Zin.
    18 | D        | Found a basalt altar of Yredelemnul.
    18 | D        | Found a shimmering altar of Xom.
    18 | D        | Found an ornate altar of the Wu Jian Council.
    18 | D        | Found a sacrificial altar of Ru.
    18 | D        | Found a stormy altar of Qazlal.
    18 | D        | Found an iron altar of Okawaru.
    18 | D        | Found a sparkling altar of Nemelex Xobeh.
    18 | D        | Found a burning altar of Makhleb.
    18 | D        | Found a blossoming altar of Fedhas.
    18 | D        | Found a white marble altar of Elyvilon.
    18 | D        | Found a shadowy altar of Dithmenos.
    18 | D        | Found a snail-covered altar of Cheibriados.
    19 | D        | Found a radiant altar of Vehumet.
    19 | D        | Found a corrupted altar of Lugonu.
    20 | D        | Found an ancient bone altar of Kikubaaqudgha.
    20 | D        | Found a hide-covered altar of Uskayaw.
    20 | D        | Found a broken altar of Ashenzari.
    21 | D        | Became a worshipper of Sif Muna the Loreminder
   190 | D        | Reached skill level 1 in Hexes
   190 | D        | Reached skill level 1 in Translocations
   218 | D        | Reached * piety under Sif Muna
   233 | D        | Reached skill level 1 in Invocations
   233 | D        | Reached XP level 2. HP: 4/15 MP: 1/9
   304 | D        | Learned a level 2 spell: Searing Ray
   443 | D        | Noticed a floating eye
   446 | D        | Killed a floating eye
   446 | D        | Reached ** piety under Sif Muna
   447 | D        | Reached skill level 5 in Invocations
   447 | D        | Reached XP level 3. HP: 19/19 MP: 7/14
   447 | D        | Reached XP level 4. HP: 24/24 MP: 7/15
   452 | D        | Learned a level 4 spell: Fulminant Prism
   457 | D        | Learned a level 4 spell: Iskenderun's Mystic Blast
   543 | D        | Noticed a scorpion
   548 | D        | Slain by a scorpion

Illustrated notes

Levels and vault maps discovered:
D:        pitsprint [storerooms_1, entrance_room_1, metal_vault_6, armoury_2,
          mini_pit_1, grid_room_1, main_hall_1, silver_pit, the_coven_3,
          the_vestibule_1, steel_vault_4, golden_pit, hallway_of_sentries,
          crystal_vault_3, iron_vault_2, final_vault]

Skill      XL: |  1  2 |
---------------+-------+-----
Hexes          | 2 |  2.0
Translocations | 2 |  2.0
Spellcasting   | 4 7 |  7.5
Invocations    | 1 5 |  5.4
Conjurations   | 7 |  7.1
Dodging        | |  2.5
Stealth        | |  2.4

Action                   |  1- 3 |  4- 6 || total
-------------------------+-------+-------++-------
 Cast: Magic Dart        |    11 |       ||    11
       Searing Ray       |     1 |     2 ||     3
Armor: Robe              |     1 |       ||     1
Dodge: Dodged            |     8 |     2 ||    10
